 Dungeon Crawl Stone Soup version 0.17.0-24-gcfadda4 (webtiles) character file.

63 Raultor the Insei (level 4, -2/28 HPs)
             Began as an Octopode Transmuter on Nov 17, 2015.
             Slain by an adder (5 damage)
             ... on level 2 of the Dungeon.
             The game lasted 00:03:08 (1542 turns).

Raultor the Insei (Octopode Transmuter)             Turns: 1542, Time: 00:03:09

Health: -2/28      AC:  1    Str:  9    XL:     4   Next: 10%
Magic:  7/7        EV: 12    Int: 15    God:
Gold:   73         SH:  0    Dex: 13    Spells: 1 memorised, 6 levels left

rFire  + . .     SeeInvis .       - Unarmed
rCold  x . .     Clarity  .     (no shield)
rNeg   . . .     SustAt   .     s - +0 hat
rPois  .         Gourm    .     (no amulet)
rElec  .         Spirit   .     n - ring of fire
rCorr  .         Warding  .     (no ring)
rMut   .         Stasis   .     (no ring)
MR     .....                    (no ring)
Stlth  ++........               (no ring)
                                (no ring)
                                (no ring)
                                (no ring)

@: lethally poisoned (-2 -> -34), not resistant to hostile enchantments,
unstealthy
A: almost no armour, amphibious, 8 rings, constrict 8, camouflage 1, gelatinous
body 1
a: no special abilities


You were on level 2 of the Dungeon.
You were not hungry.

You visited 1 branch of the dungeon, and saw 2 of its levels.

You collected 73 gold pieces.

Inventory:

Missiles
 a - 12 arrows
 m - 2 throwing nets (quivered)
 q - 12 arrows of frost
Armour
 s - a +0 hat (worn)
Jewellery
 n - a ring of fire (left tentacle)
Scrolls
 e - 2 scrolls of identify {unknown}
 j - a scroll of teleportation {unknown}
 k - a scroll of amnesia {unknown}
 l - a scroll of recharging {unknown}
 t - a scroll of fog {unknown}
Potions
 h - a potion of degeneration {unknown}
 i - a potion of lignification {unknown}
 o - a potion of poison {unknown}
 p - a potion of resistance {unknown}
 u - a potion of curing {unknown}
Books
 b - a book of Changes

   Spells                             Type                      Level
   a - Beastly Appendage              Transmutation                1
   b - Sticks to Snakes               Transmutation                2
   c - Spider Form                    Transmutation/Poison         3
   d - Ice Form                       Ice/Transmutation            4
   e - Blade Hands                    Transmutation                5
Comestibles
 c - 2 bread rations
 f - a meat ration
 g - 3 beef jerkies
 r - a chunk of flesh


   Skills:
 + Level 1.5 Fighting
 + Level 2.4 Dodging
 + Level 4.1 Unarmed Combat
 - Level 2.0 Spellcasting
 + Level 2.4 Transmutations


You had 6 spell levels left.
You knew the following spells:

 Your Spells              Type           Power        Failure   Level  Hunger
a - Beastly Appendage     Trmt           #.....       12%         1    #......


Dungeon Overview and Level Annotations

Branches:
Dungeon (2/15)

Altars:
Zin


Innate Abilities, Weirdness & Mutations

You cannot wear most types of armour.
You are amphibious.
You can wear up to eight rings at the same time.
You can use your tentacles to constrict eight enemies at once.
Your skin changes colour to match your surroundings (Stealth).
Your rubbery body absorbs attacks (AC +1).


Message History

Your grab misses the adder.
You feel sick. The adder bites you.
You tentacle-slap the adder. You grab the adder.
The adder is heavily wounded.
You constrict the adder, but do no damage.
You feel very sick. The adder completely misses you. The adder bites you.
You are more poisoned.
The adder poisons you!
You tentacle-slap the adder but do no damage.
The adder is heavily wounded.
You constrict the adder.
* * * LOW HITPOINT WARNING * * *
You feel sick. The adder bites you.
* * * LOW HITPOINT WARNING * * *
You tentacle-slap the adder but do no damage.
The adder is heavily wounded.
You constrict the adder, but do no damage.
* * * LOW HITPOINT WARNING * * *
You feel sick. The adder bites you.
You die...

#.#..#.##.♣.....# ###<.>....#
#.#.##..##♣....## ##......#
#.#.######.....# ##.#....#
#.....#####...## ###........#
#...#...##.##.###....#.##...#
....###.##.#....†..##..##...#
.##.# #.##.....#...# ## ..#
.##.###..#.###.#...#
..#.#...........@..#
#.....##.#######)S.#
##..).##.### #...#
...........# #K..#
.###)....#..# #...#
......#..## .#.##
##..#....... . ..
##.###.##... . #. ...(.
...###


You could see an adder and a kobold.

Vanquished Creatures
  2 adders (D:2)
  An ooze (D:1)
  A worm (D:2)
  5 bats
  2 giant cockroaches
  5 hobgoblins
  A giant gecko (D:1)
  3 giant newts
  9 goblins
  4 kobolds
  5 rats
38 creatures vanquished.

Notes
Turn   | Place    | Note
--------------------------------------------------------------
     0 | D:1      | Raultor the Octopode Transmuter began the quest for the Orb.
     0 | D:1      | Reached XP level 1. HP: 13/13 MP: 3/3
   173 | D:1      | Reached XP level 2. HP: 8/18 MP: 5/5
   831 | D:2      | Reached XP level 3. HP: 23/23 MP: 6/6
  1393 | D:2      | Found a glowing silver altar of Zin.
  1414 | D:2      | Reached skill level 4 in Unarmed Combat
  1414 | D:2      | Reached XP level 4. HP: 23/28 MP: 7/7
  1542 | D:2      | Slain by an adder

Action                   |  1- 3 |  4- 6 || total
-------------------------+-------+-------++-------
Melee: Unarmed           |    81 |    17 ||    98
 Cast: Beastly Appendage |     1 |       ||     1
  Use: Potion            |       |     2 ||     2
 Stab: Sleeping          |     6 |     1 ||     7
  Eat: Chunk             |     2 |       ||     2
